 Dungeon Crawl Stone Soup version 0.30-a0-154-gb106f4c828 (webtiles) character file.

Game seed: 5060189487231699351

2 Aibolit the Insei (level 1, 0/17 HPs)
             Began as a Djinni Transmuter on Sept 27, 2022.
             Slain by a rat (3 damage)
             ... on level 1 of the Dungeon.
             The game lasted 00:00:21 (134 turns).

Aibolit the Insei (Djinni Transmuter)                Turns: 134, Time: 00:00:22

Health: 0/17       AC:  2    Str:  9    XL:     1   Next: 44%
Gold:   0          EV:  9    Int: 14    God:
                   SH:  0    Dex: 13

rFire   + + .      SeeInvis .      - Unarmed
rCold   x . .      Faith    .    (no shield)
rNeg    . . .      Spirit   .    a - +0 robe
rPois   ∞          Reflect  .    (helmet currently unavailable)
rElec   .          Harm     .    (no cloak)
rCorr   .          Rampage  .    (no gloves)
Will    .....                    (boots unavailable)
Stlth   +.........               (no amulet)
HPRegen 0.05/turn                (no ring)
MPRegen 0.00/turn                (no ring)

@: appendages (expiring), flying, constricted
A: horns 2, flying, sickness immunity, fire resistance 2, cold vulnerability 1,
float, innate caster, HP casting, extra vitality 1
a: End Transformation


You were on level 1 of the Dungeon.
You had temporarily grown beastly horns.
You visited 1 branch of the dungeon, and saw 1 of its levels.

Inventory:

Armour
 a - a +0 robe (worn)
Potions
 b - a potion of lignification


   Skills:
 + Level 1.1 Fighting
 + Level 2.2 Dodging
 + Level 3.0 Unarmed Combat
 + Level 1.6 Spellcasting


You couldn't memorise any spells.
You knew the following spells:

 Your Spells              Type           Power      Damage    Failure   Level
a - Beastly Appendage     Tmut           10%        N/A       13%         1
b - Wereblood             Tmut           5%         N/A       19%         2
c - Spider Form           Tmut/Pois      5%         N/A       36%         3
d - Ice Form              Ice/Tmut       5%         N/A       77%         4
Your spell library was empty.

Dungeon Overview and Level Annotations

Branches:
Dungeon (1/15)

Altars:


Innate Abilities, Weirdness & Mutations

You have temporarily grown beastly horns.
You are flying.
You are immune to sickness and miasma.
You are immune to poison.
Your flesh is very heat resistant. (rF++)
You are vulnerable to cold. (rC-)
You float through the air rather than walking.
You learn spells naturally, not from books.
Your magical power is your life essence.
You have superior vitality. (+4 MHP)


Message History

The ball python grabs you. The ball python constricts you.
You barely miss the ball python. Your headbutt misses the ball python.
The ball python bites you. The ball python constricts you.
The rat bites you but does no damage.
You are too injured to fight recklessly!
You are too injured to fight recklessly!
You are too injured to fight recklessly!
You are too injured to fight recklessly!
You are too injured to fight recklessly!
You are too injured to fight recklessly!
Unknown command.
You are too injured to fight recklessly!
You are too injured to fight recklessly!
You are too injured to fight recklessly!
Unknown command.
Unknown command.
You are too injured to fight recklessly!
There are monsters nearby!
There are monsters nearby!
You are too injured to fight recklessly!
You are too injured to fight recklessly!
Unknown command.
You are too injured to fight recklessly!
You are too injured to fight recklessly!
You are too injured to fight recklessly!
Unknown command.
You escape the ball python's grasp.
The ball python attacks as you move away!
The ball python misses you.
You are too injured to fight recklessly!
You are too injured to fight recklessly!
You hit the frilled lizard but do no damage.
Your headbutt misses the frilled lizard.
The ball python bites you. The ball python grabs you.
The ball python constricts you.
* * * LOW HITPOINT WARNING * * *
The frilled lizard bites you.
* * * LOW HITPOINT WARNING * * *
The rat bites you.
You die...

.......# .......#
~......### #....
.........###
.....
~......#...##
......
~......###..#
...... ~......#
##.########......
≈≈.....#
#......S........
≈≈♣♣♣###
##....@l†.S.....
≈≈≈
#.....r........
≈≈
#..............
#...........!..
#..............
#.............>
#..............
#..............
#........!.....


You could see 2 ball pythons, a frilled lizard and a rat.

Vanquished Creatures
  An endoplasm (D:1)
  A quokka (D:1)
2 creatures vanquished.

Notes
Turn   | Place    | Note
-------+----------+-------------------------------------------
     0 | D:1      | Aibolit the Djinni Transmuter began the quest for the Orb.
     0 | D:1      | Aibolit set off with the following spells memorised:
                  | Beastly Appendage, Wereblood, Spider Form, Ice Form.
     0 | D:1      | Reached XP level 1. HP: 17/17 MP: 0/0
   134 | D:1      | Slain by a rat

Illustrated notes

Levels and vault maps discovered:
D:1:      lemuel_arrival_river_bridge, layout_rooms, st_stairs_12

Action                   || total
-------------------------++-------
Melee: Unarmed           ||     9
       Headbutt          ||     2
 Cast: Beastly Appendage ||     6
Armor: Robe              ||     4
Dodge: Dodged            ||    10

Table legend: (Time is in decaauts)
 A = Elapsed time spent in this place.
 B = Non-inter-level travel time spent in this place.
 C = Inter-level travel time spent in this place.
 D = Time resting spent in this place.
 E = Time spent auto-exploring this place.
 F = Levels seen in this place.
 G = Mean time per level.
                   A        B        C        D        E       F      G
               +--------+--------+--------+--------+--------+-----+--------+
         Total |    133 |    128 |      5 |      0 |    103 |   1 |  133.0 |
       Dungeon |    133 |    128 |      5 |      0 |    103 |   1 |  133.0 |
               +--------+--------+--------+--------+--------+-----+--------+

Top non-repeatable levels by time:
     D:1: 133 daAuts
